 Dungeon Crawl Stone Soup version 0.23.2-1-ga50397a6bc (webtiles) character file.

Game seed: 8983762252532318234

44 Gargoyl the Skirmisher (level 3, -7/31 HPs)
             Began as a Centaur Abyssal Knight on May 2, 2019.
             Was a Follower of Lugonu.
             Mangled by a goblin
             ... wielding a +2 dagger of electrocution
              (11 damage)
             ... on level 2 of the Dungeon.
             The game lasted 00:02:20 (1203 turns).

Gargoyl the Skirmisher (Centaur Abyssal Knight)     Turns: 1203, Time: 00:02:20

Health: -7/31      AC:  8    Str: 14    XL:     3   Next: 41%
Magic:  4/4        EV:  7    Int: 11    God:    Lugonu [*.....]
Gold:   82         SH:  3    Dex:  9    Spells: 2/2 levels left

rFire    . . .     SeeInvis .   a - +1 hand axe
rCold    . . .     Gourm    .   e - +1 buckler {reflect}
rNeg     + . .     Faith    .   j - +2 ring mail
rPois    .         Spirit   .   (no helmet)
rElec    .         Reflect  +   (no cloak)
rCorr    .         Harm     .   i - +0 pair of gloves
MR       .....                  (no barding)
Stlth    ..........             (no amulet)
HPRegen  0.10/turn              g - ring of positive energy
MPRegen  0.09/turn              (no ring)

@: very quick
A: large, hooves 3, deformed body, speed 2, tough skin 3
a: Depart the Abyss, Renounce Religion


You were on level 2 of the Dungeon.
You worshipped Lugonu.
Lugonu was aware of your devotion.
You were not hungry.

You visited 1 branch of the dungeon, and saw 2 of its levels.
You visited the Abyss 1 time.

You collected 82 gold pieces.

Inventory:

Hand Weapons
 a - a +1 hand axe (weapon)
Armour
 e - a +1 buckler of reflection (worn)
 i - a +0 pair of gloves (worn)
 j - a +2 ring mail (worn)
Jewellery
 g - a ring of positive energy (left hand)
 q - an uncursed amulet of magic regeneration {unknown}
Scrolls
 b - a scroll of remove curse {unknown}
 f - a scroll of blinking
 m - a scroll of magic mapping {unknown}
 r - 3 scrolls of identify
 s - a scroll of amnesia {unknown}
Potions
 d - a potion of haste
 h - 2 potions of berserk rage {unknown}
 k - a potion of lignification {unknown}
 l - a potion of heal wounds {unknown}
 n - a potion of brilliance {unknown}
 o - a potion of curing {unknown}
 p - a potion of mutation {unknown}
Comestibles
 c - 2 rations


   Skills:
 + Level 3.5 Fighting
 + Level 2.1 Axes
 * Level 1.7 Armour
 * Level 1.1 Dodging
 * Level 2.5 Invocations


You had 2 spell levels left.
You didn't know any spells.
Your spell library was empty.

Dungeon Overview and Level Annotations

Branches:
Dungeon (2/15)

Altars:


Innate Abilities, Weirdness & Mutations

You have hooves in place of feet.
Armour fits poorly on your strangely shaped body.
You cover ground very quickly.
You have extremely tough skin. (AC +3)


Message History

The bat hits you but does no damage. The goblin hits you but does no damage.
You are electrocuted!
There are monsters nearby!
You barely miss the bat. You completely miss the goblin.
The bat hits you but does no damage. x3; You block the goblin's attack.
Unknown command.
You miss the bat. You kick the bat.
You kill the bat!
Lugonu accepts your kill.
You hit the goblin. The goblin hits you but does no damage.
You block the goblin's attack.
Unknown command.
The goblin hits you but does no damage.
You are electrocuted!!
Ouch! That really hurt!
* * * LOW HITPOINT WARNING * * *
The goblin hits you but does no damage.
The goblin hits you with a +2 dagger of electrocution.
* * * LOW HITPOINT WARNING * * *
You are electrocuted!
You die...

# #.# ..# # #.#
#.# # # #.# ... .#
# #.# #.# #.## #
#.#..###.##... #
#.#........#.# #
#.# #..# .# #
####.# #..##.###
## # #....#
#@g......... #
#.#### #.###.###.#
# #.#
#.###..##.##.#####
#.#
#................#
#.#
########...#.#.#.#
#.# #.........#
#.# #.#.#[#.#.# #
#.# #.........#
######.#####
#(..#.#.#.#


You could see a goblin.

Vanquished Creatures
  A dart slug (D:1)
  4 leopard geckos
  6 bats
  3 giant cockroaches
  4 goblins
  5 hobgoblins (D:1)
  A quokka (D:2)
  3 frilled lizards (D:1)
  2 kobolds (D:1)
  7 rats
36 creatures vanquished.

Notes
Turn   | Place    | Note
-------+----------+-------------------------------------------
     0 | Abyss:1  | Gargoyl the Centaur Abyssal Knight began the quest for the
                  | Orb.
     0 | Abyss:1  | Reached XP level 1. HP: 19/19 MP: 2/2
    74 | Abyss:1  | Noticed a quasit
    76 | D:1      | Escaped the Abyss
   256 | D:1      | Reached XP level 2. HP: 26/26 MP: 3/3
   380 | D:1      | Reached * piety under Lugonu
   606 | D:1      | Reached skill level 1 in Dodging
   659 | D:1      | Reached XP level 3. HP: 26/31 MP: 4/4
  1203 | D:2      | Mangled by a goblin

Skill      XL: |  1  2 |
---------------+-------+-----
Axes           | 2 |  2.1
Dodging        | 1 |  1.1
Fighting       | |  3.5
Armour         | |  1.7
Invocations    | |  2.5

Action                   || total
-------------------------++-------
Melee: Hand axe          ||    86
       Kick              ||     8
Invok: Depart the Abyss  ||     1
  Use: Scroll            ||     6
Armor: Leather armour    ||    12
       Ring mail         ||    57
Dodge: Dodged            ||    51
Block: Buckler           ||    16
